 Dungeon Crawl Stone Soup version 0.29-a0-1047-g7c58e119a4 (webtiles) character file.

Game seed: 7081938637624204004

221 Zeldest the Stinger (level 6, -2/50 HPs)
             Began as a Meteoran Venom Mage on Aug 16, 2022.
             Succumbed to a water moccasin's poison
             ... on level 3 of the Dungeon.
             The game lasted 00:06:58 (951 turns).

Zeldest the Stinger (Meteoran Venom Mage)            Turns: 951, Time: 00:06:59

Health: -2/50      AC:  3    Str: 10    XL:     6   Next: 42%
Magic:  9/13       EV: 12    Int: 18    God:
Gold:   111        SH:  0    Dex: 15    Spells: 10/13 levels left

rFire   . . .      SeeInvis .   c - +1 short sword
rCold   . . .      Faith    .   (no shield)
rNeg    . . .      Spirit   .   a - +1 robe
rPois   .          Reflect  .   (no helmet)
rElec   .          Harm     .   (no cloak)
rCorr   .          Rampage  .   (no gloves)
Will    .....                   (no boots)
Stlth   +.........              (no amulet)
HPRegen 0.16/turn               (no ring)
MPRegen 0.13/turn               (no ring)

@: lethally poisoned (-2 -> -34), about to teleport, glowing
A: sense surroundings 1, otherworldly, glowing, explore regen
a: no special abilities


You were on level 3 of the Dungeon.
You visited 1 branch of the dungeon, and saw 3 of its levels.

You collected 111 gold pieces.

Inventory:

Hand Weapons
 c - a +1 short sword (weapon)
Armour
 a - a +1 robe (worn)
Scrolls
 g - a scroll of enchant weapon
Potions
 b - a potion of magic


   Skills:
 + Level 2.5 Fighting
 - Level 2.4 Dodging
 - Level 1.4 Stealth
 + Level 4.2 Spellcasting
 - Level 1.2 Transmutations
 * Level 3.2 Ice Magic
 + Level 4.9 Poison Magic


You had 10 spell levels left.
You knew the following spells:

 Your Spells              Type           Power      Damage    Failure   Level
a - Sting                 Tmut/Pois      56%        1d5       4%          1
b - Poisonous Vapours     Pois/Air       24%        N/A       8%          2

Your spell library contained the following spells:

 Spells                   Type           Power      Damage    Failure   Level
 Freeze                   Ice            60%        1d8       3%          1
 Frozen Ramparts          Ice            30%        1d5       12%         3
 Magic Dart               Conj           12%        1d3       14%         1
 Shock                    Conj/Air       12%        1d3       14%         1
 Ignite Poison            Fire/Tmut/Pois 11%        N/A       19%         3
 Olgreb's Toxic Radiance  Pois           21%        N/A       19%         4
 Searing Ray              Conj           6%         2d4       22%         2
 Mephitic Cloud           Conj/Pois/Air  9%         N/A       22%         3
 Conjure Flame            Conj/Fire      3%         6-21      41%         3
 Swiftness                Air            3%         N/A       41%         3
 Hailstorm                Conj/Ice       9%         3d4       58%         4
 Airstrike                Air            1%         2d(1-17)  82%         4
 Fulminant Prism          Conj/Hex       1%         3d6       82%         4
 Sticky Flame             Conj/Fire      3%         2d3       82%         4
 Ozocubu's Refrigeration  Ice            7%         4d9       100%        7
 Ignition                 Fire           1%         3d3       100%        8


Dungeon Overview and Level Annotations

Branches:
Dungeon (3/15) Zot: 858

Altars:


Innate Abilities, Weirdness & Mutations

You passively map a small area around you.
You are easily found by Zot.
You glow in the dark.
You regain HP and MP as you explore.


Message History

Confirm with . or Enter, or press ? or * to list all spells.
Okay, then.
You aren't carrying any items that you can evoke.
The water moccasin hisses angrily.
Okay, then.
You aren't carrying any items that you can evoke.
Unknown command.
Okay, then.
As you read the scroll labelled RAM LEANOA, it crumbles to dust.
It is a scroll of enchant weapon.
Your +0 short sword glows red for a moment.
As you read the scroll labelled CIPIUSKUAT, it crumbles to dust.
It is a scroll of enchant armour.
Your +0 robe glows green for a moment.
The water moccasin bites you.
As you read the scroll labelled ROEMYW FIPIW, it crumbles to dust.
The creatures around you are filled with an inner flame!
It was a scroll of immolation.
The water moccasin bites you. The water moccasin closely misses you.
As you read the scroll labelled WANUOBL MAELU, it crumbles to dust.
It is a scroll of identify.
e - a scroll of teleportation The water moccasin bites you.
You are poisoned.
The water moccasin poisons you!
As you read the scroll of teleportation, it crumbles to dust.
You feel strangely unstable.
You feel very sick. The water moccasin bites you.
You are more poisoned.
The water moccasin poisons you! The water moccasin bites you.
You are more poisoned.
The water moccasin poisons you!
The water moccasin attacks as you move away!
The water moccasin closely misses you.
* * * LOW HITPOINT WARNING * * *
You feel extremely sick.
The water moccasin attacks as you move away!
The water moccasin bites you!
* * * LOW HITPOINT WARNING * * *
You die...

* * # , # #. *,
*#.#.########* ,
.......... ,, ,
#.......#####* , , , ,
#...........# ** * ,
#.##......###.########
* *
.......<......@.S....#
*
#.#.###.#####.####...#
, ,, ,*.... #.# ##..#
* * *, , #...#.* #.#
#..# * , ..####.# #.#
##.#* , ,... # ..#
#..# ,* , ..., * * ###
#..# *,, , .., , *,
#... #.#.# * *


You could see a water moccasin (inner flame).

Vanquished Creatures
  Sigmund (D:2)
  4 adders
  A dart slug (D:1)
  2 ball pythons (D:1)
  5 endoplasms
  3 goblins
  3 kobolds
  3 quokkas
  3 bats
  A frilled lizard (D:2)
26 creatures vanquished.

Vanquished Creatures (others)
  A kobold (D:3)
1 creature vanquished.

Grand Total: 27 creatures vanquished

Notes
Turn   | Place    | Note
-------+----------+-------------------------------------------
     0 | D:1      | Zeldest the Meteoran Venom Mage began the quest for the
                  | Orb.
     0 | D:1      | Reached XP level 1. HP: 14/14 MP: 5/5
    51 | D:1      | Reached XP level 2. HP: 22/22 MP: 4/6
    67 | D:1      | Learned a level 2 spell: Poisonous Vapours
   164 | D:1      | Found a faded altar of an unknown god.
   188 | D:1      | Reached skill level 1 in Fighting
   356 | D:2      | Reached XP level 3. HP: 8/28 MP: 2/8
   371 | D:2      | Identified the +5 sling of the Warrior {vorpal, rF+ Str-5
                  | Int+3 Stlth+}
   490 | D:3      | Noticed a water moccasin
   743 | D:2      | Reached skill level 1 in Ice Magic
   758 | D:2      | Reached XP level 4. HP: 24/35 MP: 0/10
   775 | D:2      | Noticed Sigmund
   797 | D:2      | Killed Sigmund
   798 | D:2      | Reached XP level 5. HP: 21/42 MP: 2/12
   798 | D:2      | Reached XP level 6. HP: 26/50 MP: 2/13
   951 | D:3      | Succumbed to a water moccasin's poison

Illustrated notes

Levels and vault maps discovered:
D:1:      dpeg_arrival_fog, layout_basic, basic_ecumenical_altar
D:2:      layout_loops_corners, serial_rivers, chequers_serial_rivers_small_a,
          chequers_serial_rivers_large_a, chequers_serial_rivers_room_a,
          chequers_serial_rivers_small_b, kennysheep_generic_room_11,
          uniq_sigmund
D:3:      layout_basic, grunt_temple_overflow_holy_war, uniq_grinder

Skill      XL: |  1  2  3  4 |
---------------+-------------+-----
Spellcasting   | 3 4 |  4.2
Fighting       | 1 2 |  2.5
Poison Magic   | 4 |  4.9
Ice Magic      | 1 3 |  3.2
Dodging        | |  2.4
Stealth        | |  1.4
Transmutations | |  1.2

Action                   |  1- 3 |  4- 6 || total
-------------------------+-------+-------++-------
Melee: Short sword       |     8 |    10 ||    18
 Cast: Sting             |    24 |     8 ||    32
       Poisonous Vapours |    15 |     6 ||    21
  Use: Potion            |       |     1 ||     1
       Scroll            |       |     5 ||     5
Armor: Robe              |    13 |     6 ||    19
Dodge: Dodged            |    25 |    12 ||    37

Table legend: (Time is in decaauts)
 A = Elapsed time spent in this place.
 B = Non-inter-level travel time spent in this place.
 C = Inter-level travel time spent in this place.
 D = Time resting spent in this place.
 E = Time spent auto-exploring this place.
 F = Levels seen in this place.
 G = Mean time per level.
                   A        B        C        D        E       F      G
               +--------+--------+--------+--------+--------+-----+--------+
         Total |    941 |    928 |     13 |      0 |      0 |   3 |  313.7 |
       Dungeon |    941 |    928 |     13 |      0 |      0 |   3 |  313.7 |
               +--------+--------+--------+--------+--------+-----+--------+

Top non-repeatable levels by time:
     D:1: 464 daAuts
     D:2: 441 daAuts
     D:3: 35 daAuts
